Map: Rhoskallian LE

Players

KingODStrike - Winner!

  • Race: Protoss Protoss
  • Spawn Location: 6:00

IIIIIIIIIIII - Winner!

  • Race: Terran Terran
  • Spawn Location: 5:00

KANE

  • Race: Terran Terran
  • League: Diamond
  • Spawn Location: 11:00

LIMITED

  • Race: Zerg Zerg
  • League: Master
  • Spawn Location: 12:00

VOD

Have the link to the VOD?

Description

DarkI phoenix

Time

  • Played on: July 5, 2020, 2:41 a.m.
  • Length: 19:05
Show
View Real Time Build Order
Export as new Build Order

KingODStrike Protoss - Winner!

Build Orders: Phoenix Opening, Carriers, Mass Phoenix 

Get SALT Encoding   

  12  0:00  Probe  
  13  0:08  Probe  
  14  0:20  Probe  
  14  0:21  Pylon  
  15  0:29  Assimilator  
  15  0:39  Probe  
  16  0:45  Gateway  
  16  0:51  Probe  
  17  1:00  Probe  
  17  1:01  Assimilator  
  18  1:08  Probe  
  18  1:17  Probe  
  20  1:30  Probe  
  21  1:33  Cybernetics Core  
  21  1:39  Pylon  
  21  1:42  Probe  
  22  1:54  Probe  
  23  2:02  Adept  
  23  2:09  Stargate  
  23  2:11  Stargate  
  25  2:28  Pylon  
  25  2:50  Nexus  
  25  2:54  Phoenix  
  27  3:03  Phoenix  
  29  3:13  Forge  
  29  3:23  Phoenix  
  31  3:35  Shield Battery  
  31  3:40  Phoenix  
  33  3:50  Phoenix  
  35  4:02  Photon Cannon  
  35  4:10  Phoenix  
  37  4:24  Phoenix  
  37  4:30  Probe  
  37  4:31  Probe  
  39  4:39  Probe x2  
  34  5:02  Probe x2  
  36  5:10  Probe  
  36  5:11  Probe  
  38  5:22  Phoenix  
  38  5:27  Probe  
  41  5:32  Probe  
  41  5:39  Probe  
  41  5:41  Probe  
  44  5:54  Phoenix  
  44  6:00  Phoenix  
  34  6:19  Phoenix  
  34  6:25  Phoenix  
  34  6:27  Probe x2  
  38  6:35  Probe x2  
  38  6:39  Assimilator  
  40  6:40  Assimilator  
  40  6:45  Probe x2  
  40  6:46  Phoenix  
  44  6:57  Probe x2  
  44  6:59  Pylon  
  46  7:09  Probe x2  
  46  7:10  Protoss Air Weapons Level 1  
  48  7:21  Probe x2  
  50  7:24  Robotics Facility  
  49  7:31  Robotics Facility  
  49  7:33  Probe  
  45  7:45  Robotics Facility  
  45  7:47  Probe  
  45  7:50  Probe  
  46  7:55  Probe  
  46  7:58  Probe  
  47  8:03  Probe, Pylon  
  45  8:25  Observer  
  45  8:26  Immortal  
  49  8:33  Nexus  
  49  8:38  Assimilator  
  49  8:43  Immortal, Assimilator  
  49  8:44  Probe  
  49  8:45  Probe, Pylon  
  53  8:48  Pylon  
  53  8:53  Probe  
  55  8:58  Probe  
  55  9:01  Shield Battery  
  57  9:10  Probe  
  58  9:20  Robotics Bay  
  58  9:21  Immortal  
  62  9:25  Pylon  
  62  9:26  Pylon  
  62  9:42  Immortal x2  
  70  9:49  Probe x3  
  70  9:50  Observer  
  72  10:08  Disruptor  
  72  10:14  Disruptor x2  
  81  10:39  Disruptor  
  81  10:49  Disruptor  
  75  11:03  Disruptor  
  78  11:07  Sentry  
  80  11:15  Disruptor  
  83  11:25  Disruptor  
  83  11:27  Void Ray x2  
  94  11:45  Disruptor  
  97  11:49  Probe  
  97  11:50  Probe x2  
  100  11:57  Probe  
  100  11:58  Probe x2  
  100  11:59  Protoss Ground Weapons Level 1  
  100  12:07  Probe x3  
  106  12:19  Probe  
  107  12:28  Fleet Beacon  
  107  12:35  Pylon  
  107  12:38  Immortal  
  107  12:39  Immortal  
  115  12:53  Immortal  
  119  12:58  Pylon  
  119  13:00  Pylon  
  119  13:02  Pylon  
  119  13:04  Carrier  
  119  13:06  Carrier  
  119  13:16  Pylon  
  131  13:21  Photon Cannon  
  131  13:23  Photon Cannon  
  131  13:27  Photon Cannon  
  131  13:28  Photon Cannon  
  131  13:33  Photon Cannon  
  131  13:35  Photon Cannon  
  131  13:37  Shield Battery  
  131  13:39  Shield Battery  
  131  13:42  Stargate  
  131  13:43  Shield Battery  
  131  13:44  Stargate, Photon Cannon  
  131  13:47  Cybernetics Core, Photon Cannon  
  131  13:53  Pylon  
  131  13:56  Pylon  
  131  13:59  Pylon  
  128  14:08  Carrier  
  136  14:17  Immortal x2  
  140  14:36  Gateway  
  127  15:32  Pylon  
  127  15:39  Pylon  
  127  15:47  Carrier  
  133  15:57  Carrier  
  138  16:23  Carrier  
  130  16:31  Carrier  
  132  16:35  Disruptor  
  141  16:40  Probe  
  142  17:17  Probe  
  142  17:19  Oracle  
Show
View Real Time Build Order
Export as new Build Order

IIIIIIIIIIII Terran - Winner!

Build Orders: Gas First Reaper Expand 

Get SALT Encoding   

  12  0:01  SCV  
  13  0:13  SCV  
  14  0:18  Supply Depot  
  14  0:25  SCV  
  15  0:29  Refinery  
  15  0:39  SCV  
  16  0:47  Barracks  
  16  0:51  SCV  
  17  1:03  SCV  
  18  1:16  SCV  
  19  1:33  Orbital Command  
  19  1:34  Reaper  
  20  1:48  Command Center  
  20  1:59  Factory  
  20  2:02  SCV  
  21  2:09  Refinery  
  21  2:11  Barracks Reactor  
  21  2:14  SCV  
  22  2:25  Supply Depot  
  22  2:26  SCV  
  23  2:43  Starport  
  23  2:47  SCV  
  24  2:56  Marine  
  25  2:59  SCV  
  25  3:01  Orbital Command  
  25  3:03  Hellion x2  
  30  3:11  SCV  
  31  3:18  Barracks Tech Lab  
  33  3:21  Viking  
  33  3:23  SCV  
  34  3:28  Hellion  
  36  3:34  SCV  
  36  3:39  SCV  
  38  3:44  Hellion  
  38  3:47  Supply Depot  
  40  3:52  SCV  
  40  3:53  Hellion, SCV  
  40  3:54  Stimpack  
  44  4:02  Starport Reactor, Supply Depot  
  44  4:04  SCV  
  44  4:09  SCV  
  46  4:19  Barracks  
  46  4:20  SCV  
  46  4:22  SCV  
  48  4:28  Factory Tech Lab  
  48  4:33  SCV  
  48  4:35  Command Center  
  48  4:36  SCV  
  50  4:45  SCV  
  51  4:48  SCV  
  51  4:51  Siege Tank  
  55  4:57  SCV  
  56  5:00  SCV  
  56  5:05  Barracks  
  56  5:06  Barracks  
  57  5:07  Engineering Bay  
  57  5:08  Barracks, Marine  
  57  5:09  Engineering Bay, SCV  
  57  5:13  SCV  
  60  5:16  Supply Depot  
  60  5:25  SCV  
  60  5:26  SCV  
  62  5:37  Siege Tank, SCV  
  62  5:38  SCV  
  67  5:49  SCV  
  66  5:51  SCV  
  65  5:59  Marine  
  65  6:00  Marine x2  
  65  6:02  SCV  
  68  6:05  Barracks  
  68  6:06  Barracks x3  
  68  6:08  Refinery  
  67  6:12  Combat Shield  
  67  6:13  Barracks Reactor x2  
  67  6:17  Marine x2  
  69  6:21  Barracks Tech Lab  
  69  6:24  SCV  
  69  6:25  Orbital Command  
  70  6:26  Marine  
  70  6:30  SCV  
  70  6:31  Missile Turret  
  72  6:33  Terran Infantry Armor Level 1, Terran Infantry Weapons Level 1  
  72  6:35  Marine  
  72  6:36  SCV  
  72  6:38  Armory, Marine  
  72  6:39  Medivac x2  
  79  6:43  SCV  
  79  6:44  Marauder  
  82  6:48  SCV  
  82  6:51  Marine x2  
  82  6:52  Refinery  
  85  6:56  Supply Depot  
  85  6:58  Supply Depot  
  85  7:02  Barracks Reactor, Barracks Tech Lab  
  85  7:07  Supply Depot  
  85  7:09  Supply Depot  
  85  7:10  Supply Depot  
  85  7:15  Supply Depot  
  85  7:16  Concussive Shells, Supply Depot  
  85  7:17  Marine x3, SCV  
  85  7:18  Marine  
  85  7:20  SCV  
  91  7:24  Marine, Medivac x2  
  91  7:25  Marine x4  
  91  7:26  SCV  
  101  7:31  Supply Depot  
  101  7:36  SCV  
  103  7:37  Marine, SCV  
  103  7:38  Marauder, Marine x2, SCV  
  103  7:39  Marine  
  103  7:43  Siege Tank, Marauder  
  115  7:50  Terran Vehicle Weapons Level 1  
  115  8:01  Marine  
  115  8:03  Marine  
  113  8:07  Marine  
  113  8:09  Marine  
  113  8:12  Marine x2  
  111  8:13  Marauder x2  
  111  8:14  SCV  
  111  8:15  Siege Tank  
  119  8:22  Barracks  
  119  8:23  Barracks  
  119  8:24  Marine  
  119  8:25  Marauder, Marine  
  119  8:26  Marine x2  
  125  8:29  Marine  
  125  8:30  SCV  
  125  8:33  Missile Turret  
  129  8:34  Marauder x2  
  129  8:36  Marine  
  132  8:43  Terran Infantry Weapons Level 2  
  132  8:45  Marine  
  132  8:48  Widow Mine  
  135  8:54  Supply Depot  
  135  8:55  SCV x2  
  137  8:57  Marauder, Marine x5  
  137  8:58  Command Center, Marine x3  
  147  9:08  Refinery  
  147  9:09  Refinery  
  147  9:10  Marine  
  147  9:16  Siege Tank, Marine  
  154  9:17  Marauder  
  154  9:21  Marauder, Marine  
  154  9:22  Barracks Tech Lab x2  
  157  9:26  Supply Depot  
  157  9:28  Supply Depot  
  157  9:30  Marine x2  
  157  9:47  Marine x2  
  157  9:48  Marauder x3  
  157  9:50  Siege Tank  
  164  9:59  Medivac x2  
  166  10:01  Marine  
  166  10:03  Marine x2  
  166  10:04  Marauder  
  171  10:17  Marine  
  171  10:21  Marine x3  
  146  10:22  Marauder x3, Marine x2  
  146  10:23  Marine  
  146  10:27  Marauder, Marine x2  
  148  10:29  Medivac x2  
  148  10:34  Marine  
  136  10:39  Marine x4  
  136  10:40  Marine  
  136  10:41  Marine  
  105  10:43  Marauder x3  
  105  10:44  Marine  
  109  10:52  Marine  
  109  10:57  Marine x4  
  101  10:58  Marine  
  101  10:59  Marine, Medivac  
  101  11:00  Siege Tank  
  101  11:02  Marine  
  104  11:04  Marauder x2  
  104  11:05  Marauder  
  104  11:10  Marine  
  103  11:14  Marine  
  103  11:15  Marine x3  
  103  11:16  Marine x2  
  104  11:20  Marine  
  99  11:25  Marine  
  99  11:26  Marauder x2  
  99  11:28  Marine  
  99  11:32  Siege Tank, Marine  
  108  11:33  Marine x3  
  108  11:34  Marine  
  113  11:40  Marine  
  113  11:43  Marine  
  113  11:44  Marauder  
  113  11:46  Marine  
  114  11:47  Marauder x2  
  114  11:49  Orbital Command  
  118  11:54  Orbital Command  
  118  11:55  Medivac  
  120  12:05  Marauder, Marine  
  120  12:06  SCV x2  
  125  12:09  Marauder x2  
  125  12:12  Marine  
  130  12:17  Marine  
  130  12:18  Marine, SCV  
  133  12:22  Terran Infantry Armor Level 2  
  133  12:27  Marauder  
  135  12:30  Marauder x2, Terran Infantry Weapons Level 3  
  135  12:36  Marine  
  138  12:44  Siege Tank  
  138  12:45  Marine x2  
  138  12:47  Marine  
  138  12:48  Marauder  
  138  12:49  SCV x4  
  150  12:51  Marauder x2  
  154  12:58  Marine  
  154  12:59  Marine x4  
  154  13:01  SCV x2  
  154  13:02  Marine  
  162  13:09  Marauder, SCV  
  167  13:13  Marauder x2, Marine  
  167  13:14  Command Center, Marine  
  171  13:24  Marine  
  171  13:25  Marine  
  171  13:26  Marine x2  
  175  13:27  Marine  
  175  13:31  Marauder  
  179  13:34  Marauder x2  
  179  13:35  Marine  
  176  13:42  Marine  
  176  13:45  Barracks  
  176  13:46  Barracks x2, Barracks Tech Lab  
  176  13:48  Siege Tank, Marine x2  
  180  13:52  Marauder, Marine  
  187  13:55  Marauder  
  187  14:01  Marauder  
  187  14:08  Medivac  
  182  14:12  Marine  
  182  14:13  Marine  
  182  14:14  Marauder x2, Marine  
  182  14:16  Marine x2  
  188  14:17  Marauder  
  188  14:18  Medivac  
  188  14:23  Marauder  
  188  14:24  Marine  
  188  14:25  Siege Tank  
  188  14:29  Marine  
  179  14:33  Marine  
  179  14:34  Marine  
  179  14:35  Marauder, Marine  
  179  14:36  Marauder  
  166  14:38  Marauder  
  166  14:39  Marine  
  166  14:42  Marine  
  166  14:43  Barracks Tech Lab  
  166  14:45  Marauder, Marine  
  138  14:47  Marine  
  138  14:50  Barracks Tech Lab, Marine  
  129  14:54  Marine  
  129  14:56  Marauder  
  129  14:57  Marauder, Marine  
  129  14:58  Siege Tank, Marine  
  129  15:00  Marauder  
  129  15:01  Marine  
  129  15:03  Marine  
  129  15:05  Marine  
  129  15:06  Marauder  
  127  15:08  Marine, SCV  
  127  15:12  Orbital Command  
  124  15:18  Marauder x2  
  130  15:21  Marauder  
  130  15:24  Marine  
  130  15:26  Barracks Tech Lab  
  130  15:27  Marauder, Marine  
  130  15:28  Marauder  
  136  15:30  Siege Tank  
  136  15:35  Marine x3  
  134  15:37  Marine  
  134  15:39  Marauder  
  134  15:40  Marauder, Medivac  
  134  15:42  Marauder, Marine  
  129  15:44  Marine  
  129  15:48  Marine  
  129  15:49  Marauder x2  
  132  15:53  Marine x3  
  132  15:54  Marine  
  135  16:00  Marauder, Marine  
  135  16:01  Marine  
  135  16:02  Siege Tank, Marine  
  135  16:04  Marauder  
  142  16:06  Marauder  
  142  16:10  Marine x2  
  142  16:11  Marauder, Marine x2  
  128  16:13  Marine  
  128  16:17  Marine  
  121  16:19  Marauder  
  121  16:20  Marine  
  121  16:22  Marauder  
  121  16:25  Marine  
  114  16:27  Marine  
  114  16:28  Marine x2  
  114  16:29  Marine x2  
  114  16:31  Marine  
  114  16:32  Marauder  
  120  16:34  Siege Tank  
  120  16:35  Marine  
  120  16:38  Marine  
  125  16:40  Marauder  
  125  16:43  Marauder  
  128  16:47  Marauder x2, Marine x4  
  128  16:49  Refinery, Medivac  
  128  16:50  Medivac  
  128  16:51  Refinery  
  136  17:01  Marine  
  136  17:04  Marauder, Marine  
  136  17:05  Marauder  
  136  17:06  Siege Tank  
  144  17:19  Marine  
  144  17:20  Marauder  
  147  17:23  Marine x3  
  147  17:24  Marauder x2  
  153  17:34  Marine  
  154  17:37  Medivac x2  
  154  17:38  Siege Tank  
  154  17:40  Command Center  
  154  17:44  Marine x2  
  162  17:45  Marauder  
  162  17:49  Marine  
  162  17:50  Marauder  
  162  17:51  Marauder, Marine x4  
  148  17:52  Marauder, Marine  
  132  18:01  Marine  
  132  18:02  Marine  
  126  18:06  Marine  
  126  18:07  Marine  
  126  18:09  Marauder, Marine x3  
  126  18:10  Siege Tank, Marauder  
  126  18:11  Marine  
  126  18:12  Marine x2  
  138  18:19  Marine  
  141  18:20  Marine  
  141  18:24  Marine  
  141  18:25  Marine  
  141  18:26  Marine  
  141  18:27  Marine x2  
  145  18:29  Marauder  
  149  18:35  Marine  
  149  18:36  Marauder  
  149  18:39  Marauder, Marine x2  
  141  18:42  Marauder, Marine  
  141  18:43  Marine  
  141  18:44  Marine x2  
  141  18:45  Marine  
Show
View Real Time Build Order
Export as new Build Order

KANE Terran 

Build Orders:  

Get SALT Encoding   

  12  0:01  SCV  
  13  0:13  SCV  
  14  0:18  Supply Depot  
  14  0:29  SCV  
  15  0:41  Barracks  
  15  0:42  SCV  
  16  0:47  Refinery  
  16  0:54  SCV  
  17  1:06  SCV  
  18  1:18  SCV  
  19  1:28  Marine  
  19  1:30  Orbital Command  
  20  1:44  Command Center  
  20  1:55  Factory  
  20  2:00  SCV  
  21  2:06  Barracks Reactor  
  21  2:22  Supply Depot  
  21  2:23  SCV  
  22  2:44  Starport  
  22  2:45  Refinery  
  22  2:48  SCV  
  23  2:52  Hellion  
  23  2:53  Hellion  
  27  3:02  Orbital Command  
  26  3:13  SCV  
  26  3:14  Hellion  
  29  3:21  Medivac  
  29  3:24  Hellion  
  33  3:29  SCV  
  33  3:30  SCV  
  35  3:41  SCV  
  36  3:49  SCV  
  36  3:52  Widow Mine x2  
  36  3:53  Barracks Tech Lab  
  36  3:54  SCV  
  42  4:05  Engineering Bay  
  42  4:06  Armory  
  42  4:14  Widow Mine x2  
  46  4:36  Supply Depot  
  46  4:38  Supply Depot  
  46  4:50  SCV x2  
  46  4:53  Viking  
  46  4:55  Marine  
  46  4:57  Stimpack  
  46  4:58  Widow Mine x2  
  47  5:01  Barracks  
  47  5:02  SCV x2  
  47  5:03  Barracks  
  49  5:08  Missile Turret  
  49  5:14  SCV x2  
  51  5:23  Widow Mine x2  
  51  5:26  SCV  
  56  5:33  SCV  
  57  5:39  SCV  
  58  5:44  Terran Infantry Weapons Level 1, Widow Mine x2  
  58  5:48  Barracks Reactor  
  62  5:50  Barracks Reactor  
  62  5:57  Command Center, SCV  
  61  6:19  Marine  
  61  6:20  SCV x2  
  61  6:24  Refinery, Starport Reactor, Supply Depot  
  61  6:25  Marine x2  
  64  6:26  Marine  
  64  6:29  Supply Depot  
  64  6:32  Refinery  
  67  6:37  Marine  
  68  6:52  Widow Mine x2, Marine  
  68  6:53  Marine x3  
  76  6:54  Combat Shield  
  76  6:55  Marine  
  76  6:57  SCV  
  78  7:16  Widow Mine x2  
  82  7:23  Orbital Command  
  82  7:25  Command Center, Marine  
  82  7:26  Marine x2  
  85  7:30  Barracks  
  85  7:31  Barracks  
  85  7:32  Armory  
  85  7:35  Barracks  
  85  7:38  Terran Infantry Armor Level 1, Widow Mine  
  85  7:43  Marine x3  
  88  7:45  Medivac  
  90  7:54  SCV  
  90  7:55  Marine  
  92  8:01  Marauder  
  94  8:09  Orbital Command  
  94  8:13  Marine x4  
  94  8:19  Widow Mine  
  100  8:23  Supply Depot  
  100  8:29  Marauder, Supply Depot  
  100  8:30  Widow Mine  
  100  8:31  Marine  
  101  8:38  Orbital Command  
  101  8:41  Terran Vehicle And Ship Armor Level 1  
  101  8:44  Armory  
  101  8:48  Marine x3  
  102  8:50  Marauder  
  106  8:55  Marine  
  106  8:56  Marine  
  108  9:05  Marine x2  
  108  9:06  Marine  
  111  9:11  Marauder  
  113  9:17  Marine  
  113  9:20  Widow Mine x2, Marine  
  113  9:21  Marine x2  
  113  9:22  Marine  
  113  9:23  Marine x2  
  124  9:29  Engineering Bay  
  124  9:32  Terran Infantry Weapons Level 2, Medivac  
  124  9:33  Marauder  
  124  9:35  Marine  
  129  9:41  Starport  
  129  9:43  Terran Vehicle Weapons Level 1  
  129  9:44  Orbital Command  
  125  9:54  Marauder  
  125  9:56  Marine x2  
  125  9:58  Marine  
  125  9:59  Marine  
  119  10:10  SCV  
  120  10:16  Marauder  
  120  10:17  Marine x2  
  120  10:20  Marine x2  
  121  10:22  SCV  
  117  10:33  Marine x2  
  110  10:36  Marine x2  
  110  10:37  Marauder  
  110  10:39  Marine x2  
  110  10:40  Marine  
  107  10:44  Widow Mine  
  106  10:50  Marine, Medivac  
  106  10:51  Marine  
  106  10:54  Marine  
  103  10:58  Marauder  
  102  11:07  Marine x2  
  102  11:11  Terran Vehicle And Ship Armor Level 2  
  104  11:15  Marine x2  
  102  11:20  Marauder  
  98  11:36  Marine  
  94  11:41  Marauder  
  94  11:46  Terran Infantry Armor Level 2  
  92  11:54  Starport Tech Lab  
  92  12:03  Marauder, Marine x3  
  92  12:04  Marine x3  
  92  12:06  SCV x2  
  102  12:10  Medivac x2  
  106  12:24  Marauder  
  106  12:26  Marine  
  106  12:27  Widow Mine x2  
  113  12:31  Raven, Factory  
  113  12:35  SCV x2  
  113  12:37  SCV  
  118  12:40  Medivac  
  110  12:45  Marauder  
  110  12:47  SCV x2  
  110  12:48  Medivac  
  110  12:50  SCV  
  117  12:59  SCV  
  117  13:02  Marine  
  119  13:07  Marauder  
  119  13:08  Terran Vehicle Weapons Level 2  
  119  13:09  Medivac  
  123  13:14  Raven, Starport  
  125  13:55  Marauder  
  125  14:00  Marine x2  
  125  14:05  Marine  
  125  14:25  Marine  
  125  14:29  Marine  
  125  14:30  Marine  
  125  14:32  Marine  
  125  14:33  Marine  
  125  14:34  Marine x3  
  125  14:36  Marauder  
  125  14:37  Medivac  
  125  14:38  Medivac x2  
  124  14:43  Marine  
  120  14:47  Marine  
  120  14:48  Marine  
  120  14:50  Marine  
  120  14:51  Marine  
  120  14:52  Marine x3  
  119  14:57  Marauder  
  117  15:01  Marine  
  117  15:05  Marine  
  117  15:06  Marine  
  112  15:08  Marine x2  
  112  15:09  Marine x2  
  112  15:10  Marine  
  112  15:12  Raven  
  112  15:13  SCV x2  
  111  15:19  Marauder, Marine  
  114  15:23  Marine x2  
  114  15:26  Marine x2  
  114  15:27  Marine x2  
  114  15:28  Marine  
  119  15:36  Marine  
  117  15:49  Command Center  
  114  16:00  Marine x2  
  114  16:01  Marine x2  
  114  16:02  Raven  
  114  16:03  Marauder, Marine x2  
  110  16:04  Marine  
  110  16:10  Marine  
  103  16:17  Marine  
  103  16:18  Marine  
  102  16:21  Marine x4  
  102  16:23  Marine  
  102  16:24  Marauder  
  107  16:28  Marine  
  107  16:31  Viking  
  107  16:35  Marine  
  107  16:36  Marine  
  107  16:39  Marine  
  110  16:45  Command Center  
  110  16:47  Raven  
  110  17:00  Marine x2  
  116  17:01  Widow Mine, Marauder  
  116  17:22  Marauder  
  107  17:33  Marine x6  
  107  17:34  Marine x2  
  111  17:44  Marauder  
  113  17:50  Marine  
  113  17:51  Marine x5  
  114  17:52  Marine x2  
  110  18:05  Marauder  
  99  18:08  Marine x3  
  99  18:09  Marine x3  
  95  18:21  Medivac x2  
  95  18:26  Marauder  
  101  18:28  Marine  
  100  18:39  Marine x2  
Show
View Real Time Build Order
Export as new Build Order

LIMITED Zerg 

Build Orders: Hatch First 

Get SALT Encoding   

  12  0:01  Drone  
  13  0:14  Overlord  
  13  0:18  Drone  
  14  0:32  Drone x2  
  16  0:37  Drone  
  17  0:55  Hatchery  
  16  0:58  Drone  
  16  1:01  Drone  
  18  1:13  Extractor  
  18  1:17  Spawning Pool  
  16  1:19  Drone  
  16  1:23  Drone  
  18  1:31  Drone  
  19  1:41  Overlord  
  19  2:03  Queen  
  19  2:04  Zergling x4  
  19  2:07  Queen  
  19  2:08  Drone  
  26  2:13  Drone  
  27  2:19  Metabolic Boost  
  28  2:30  Drone x3  
  28  2:34  Overlord  
  30  2:53  Drone  
  30  2:57  Hatchery  
  30  2:58  Drone x3  
  30  3:04  Drone  
  34  3:06  Drone  
  35  3:13  Overlord  
  35  3:16  Queen  
  35  3:18  Drone x2  
  39  3:20  Drone  
  40  3:34  Overlord  
  40  3:35  Drone x3  
  40  3:37  Spore Crawler  
  40  3:40  Spore Crawler  
  41  3:53  Drone x3, Extractor  
  41  3:54  Spore Crawler, Drone x4  
  46  3:58  Spore Crawler  
  46  3:59  Drone  
  46  4:07  Queen  
  48  4:18  Overlord  
  48  4:19  Overlord  
  48  4:32  Spore Crawler, Overlord x2  
  48  4:35  Lair, Extractor  
  48  4:37  Extractor  
  45  4:41  Drone x6  
  45  4:42  Spore Crawler, Drone  
  45  4:45  Zergling x4  
  51  4:53  Queen  
  51  4:55  Zergling x4  
  55  5:00  Zergling x4  
  55  5:01  Zergling x2  
  58  5:08  Queen  
  60  5:15  Drone x3  
  60  5:17  Drone  
  62  5:25  Drone x2  
  64  5:34  Spore Crawler  
  63  5:37  Drone  
  63  5:38  Drone  
  63  5:39  Hydralisk Den  
  63  5:40  Drone  
  63  5:41  Drone x3  
  64  6:05  Overlord x3  
  64  6:07  Overlord  
  64  6:08  Overlord  
  64  6:09  Muscular Augments  
  64  6:19  Overlord x2  
  64  6:20  Overlord  
  64  6:23  Queen, Overlord  
  64  6:24  Drone  
  64  6:25  Spore Crawler, Drone x6  
  72  6:33  Infestation Pit  
  72  6:37  Hydralisk x2  
  72  6:38  Hydralisk  
  77  6:50  Evolution Chamber  
  77  6:52  Evolution Chamber  
  75  6:55  Drone  
  75  6:56  Drone x9  
  85  7:07  Hydralisk x4  
  93  7:11  Pathogen Glands  
  93  7:16  Extractor  
  93  7:17  Hydralisk x2, Extractor  
  95  7:27  Drone x2  
  95  7:28  Drone x3  
  95  7:29  Drone  
  101  7:38  Grooved Spines  
  101  7:39  Zerg Missile Weapons Level 1, Zerg Ground Armor Level 1  
  101  7:42  Hatchery  
  100  7:45  Hydralisk x3  
  106  7:57  Hydralisk  
  106  7:58  Hydralisk x4  
  109  8:15  Hydralisk x2  
  109  8:16  Hydralisk x6  
  125  8:26  Hive  
  125  8:27  Neural Parasite  
  125  8:28  Hydralisk x2  
  125  8:31  Zergling x2  
  130  8:46  Overlord  
  130  8:47  Overlord x4  
  130  8:57  Overlord x2  
  130  9:02  Overlord x2  
  130  9:03  Drone x6  
  130  9:05  Drone x4  
  130  9:07  Extractor  
  130  9:08  Extractor  
  138  9:21  Infestor x2  
  138  9:22  Infestor x4  
  150  9:29  Zergling x6, Burrow  
  150  9:30  Zergling x8  
  157  9:41  Hydralisk x5  
  167  9:49  Baneling Nest  
  166  9:54  Zergling x18  
  175  10:05  Overlord  
  175  10:26  Zergling x2  
  175  10:27  Zergling x28  
  175  10:28  Zergling x8  
  185  10:35  Zergling x2  
  182  10:39  Zergling x6  
  176  10:48  Zergling x12  
  147  11:00  Zergling x16  
  142  11:07  Hatchery  
  136  11:12  Hydralisk x7  
  141  11:24  Zerg Missile Weapons Level 2, Zerg Ground Armor Level 2  
  135  11:25  Overlord x2  
  135  11:29  Centrifical Hooks  
  135  11:30  Ultralisk Cavern  
  134  11:34  Overseer  
  134  11:39  Hydralisk  
  134  11:40  Hydralisk x4  
  134  11:45  Infestor  
  134  11:46  Infestor  
  136  11:53  Drone  
  136  11:54  Drone x5  
  142  12:03  Adrenal Glands  
  142  12:13  Overlord x2  
  142  12:17  Chitinous Plating  
  142  12:19  Evolution Chamber  
  142  12:20  Hydralisk x4  
  146  12:29  Drone x3  
  147  12:31  Drone x7  
  147  12:34  Infestor  
  156  12:39  Ultralisk  
  162  12:45  Baneling x4  
  162  12:46  Baneling x8  
  162  12:49  Drone  
  163  13:00  Zerg Melee Weapons Level 1, Overlord x2  
  163  13:03  Ultralisk  
  169  13:06  Infestor x3  
  169  13:07  Infestor  
  177  13:15  Extractor  
  177  13:16  Extractor  
  172  13:24  Zergling x14  
  172  13:25  Zergling x12  
  172  13:26  Hatchery  
  181  13:48  Queen  
  181  13:50  Zerg Ground Armor Level 3, Zerg Missile Weapons Level 3  
  181  13:51  Anabolic Synthesis  
  183  13:58  Hydralisk x4  
  183  13:59  Hydralisk  
  193  14:09  Spore Crawler x2  
  186  14:10  Spore Crawler x3  
  182  14:20  Hydralisk x9  
  180  14:40  Hydralisk x6  
  180  14:41  Hydralisk x6  
  179  15:04  Hydralisk x7  
  179  15:05  Hydralisk x5  
  181  15:13  Hydralisk  
  181  15:14  Hydralisk x2  
  176  15:18  Ultralisk  
  186  15:22  Zergling x2  
  186  15:23  Zergling x4  
  187  15:39  Hydralisk x6  
  199  15:49  Overlord x3  
  167  16:07  Hydralisk x3  
  167  16:08  Hydralisk x11  
  162  16:12  Hydralisk  
  162  16:13  Hydralisk  
  162  16:15  Zergling x2  
  162  16:16  Zergling x2  
  150  16:19  Zergling x6  
  150  16:20  Zergling x2  
  146  16:27  Zergling x12  
  152  16:44  Overseer  
  152  16:53  Zergling x12  
  152  16:54  Zergling x12  
  163  17:03  Infestor x3  
  166  17:26  Hydralisk  
  166  17:27  Hydralisk x12  
  192  17:34  Infestor x2  
  173  17:56  Hydralisk x11  
  173  17:57  Hydralisk  
  174  18:04  Hydralisk  
  174  18:05  Hydralisk x2  
  138  18:13  Hydralisk x3  
  144  18:21  Zergling x12  
  150  18:28  Hydralisk x2  
  154  18:41  Hydralisk x2  
Tags
 
Add a new tag
Caveats
  • Supply blocks, unpowered buildings, or Contaminate may cause inaccurate times.
  • Supply counts are checked every 10 seconds.